 Dungeon Crawl Stone Soup version 0.27.1-33-g824d729ab1 (webtiles) character file.

Game seed: 5681841322375566360

24 esgrovinhado2 the Grave Robber (level 2, 0/15 HPs)
             Began as a Deep Elf Necromancer on Nov 29, 2021.
             Slain by a ball python (2 damage)
             ... on level 1 of the Dungeon.
             The game lasted 00:04:16 (985 turns).

esgrovinhado2 the Grave Robber (DENe)                Turns: 985, Time: 00:04:16

Health: 0/15       AC:  2    Str:  5    XL:     2   Next: 79%
Magic:  8/8        EV: 10    Int: 19    God:
Gold:   6          SH:  0    Dex: 15    Spells: 5/7 levels left

rFire    . . .     SeeInvis .   c - +3 dagger (elec)
rCold    . . .     Faith    .   (no shield)
rNeg     . . .     Spirit   .   a - +0 robe
rPois    .         Reflect  .   (no helmet)
rElec    .         Harm     .   (no cloak)
rCorr    .         Rampage  .   (no gloves)
Will     .....                  (no boots)
Stlth    ++........             (no amulet)
HPRegen  0.05/turn              (no ring)
MPRegen  0.11/turn              (no ring)

@: constricted
A: no striking features
a: no special abilities


You were on level 1 of the Dungeon.
You visited 1 branch of the dungeon, and saw 1 of its levels.

You collected 6 gold pieces.

Inventory:

Hand Weapons
 c - a +3 dagger of electrocution (weapon)
Armour
 a - a +0 robe (worn)
 b - a +0 leather armour
Scrolls
 d - a scroll of enchant armour {unknown}
 g - a scroll of identify {unknown}
 h - a scroll of amnesia {unknown}
 i - a scroll of fear {unknown}
Potions
 e - a potion of berserk rage {unknown}
 f - a potion of curing {unknown}
 j - a potion of mutation {unknown}


   Skills:
 + Level 0.1 Fighting
 + Level 2.9 Dodging
 + Level 2.8 Stealth
 + Level 3.1 Spellcasting
 + Level 5.4 Necromancy


You had 5 spell levels left.
You knew the following spells:

 Your Spells              Type           Power      Damage    Failure   Level
a - Pain                  Necr           92%        1d8       1%          1
b - Animate Skeleton      Necr           46%        N/A       1%          1

Your spell library contained the following spells:

 Spells                   Type           Power      Damage    Failure   Level
 Vampiric Draining        Necr           11%        2d7       4%          3
 Animate Dead             Necr           11%        N/A       16%         4
 Ignite Poison            Fire/Tmut/Pois 2%         N/A       41%         3
 Mephitic Cloud           Conj/Pois/Air  2%         N/A       41%         3
 Agony                    Necr           23%        N/A       41%         5
 Bolt of Magma            Conj/Fire/Erth 1%         4d4       99%         5


Dungeon Overview and Level Annotations

Branches:
Dungeon (1/15)

Altars:


Message History

i - a scroll labelled MIBIEPA YREAF
j - a fizzy cyan potion
Found a stone staircase leading down.
A ball python and a kobold come into view.
Found an orange potion and a scroll labelled KOIPRO DITICS.
The kobold shouts!
The ball python misses you. The ball python barely misses you.
You hit the kobold.
The kobold is moderately wounded.
The ball python bites you. The ball python grabs you.
The ball python constricts you. The kobold hits you but does no damage.
You hit the kobold.
You kill the kobold!
The ball python barely misses you. The ball python constricts you.
You escape the ball python's grasp.
The ball python bites you. The ball python misses you.
You closely miss the ball python. The ball python bites you.
The ball python grabs you. The ball python constricts you.
You hit the ball python.
The ball python is heavily wounded.
The ball python closely misses you. The ball python constricts you.
You closely miss the ball python.
The ball python is heavily wounded.
The ball python bites you. The ball python constricts you.
The ball python bites you.
* * * LOW HITPOINT WARNING * * *
The ball python constricts you.
There is nothing nearby to animate!
You barely miss the ball python.
The ball python is heavily wounded.
The ball python bites you.
* * * LOW HITPOINT WARNING * * *
The ball python constricts you.
You closely miss the ball python.
The ball python is moderately wounded.
The ball python closely misses you. The ball python constricts you.
You closely miss the ball python.
The ball python is moderately wounded.
The ball python bites you.
You die...

#.###...###. ########.#
#..####.
###........###.####..
#####?#.#####......# #.##
.......# #..#.### #.#
###.....#####..#.#####.##
.......!.##..............
#......)S.#.##.........##
#......@##.####.#######
##.........# #.#
##...###### #.. ##.# ####
##


You could see a ball python.

Vanquished Creatures
  2 endoplasms (D:1)
  2 giant cockroaches (D:1)
  4 goblins (D:1)
  2 hobgoblins (D:1)
  3 kobolds (D:1)
  A quokka (D:1)
  2 bats (D:1)
16 creatures vanquished.

Vanquished Creatures (collateral kills)
  An endoplasm (D:1)
  A bat (D:1)
  2 kobolds (D:1)
  A rat (D:1)
5 creatures vanquished.

Grand Total: 21 creatures vanquished

Notes
Turn   | Place    | Note
-------+----------+-------------------------------------------
     0 | D:1      | esgrovinhado2 the Deep Elf Necromancer began the quest for
                  | the Orb.
     0 | D:1      | Reached XP level 1. HP: 10/10 MP: 6/6
     2 | D:1      | Learned a level 1 spell: Animate Skeleton
    47 | D:1      | Reached skill level 5 in Necromancy
   271 | D:1      | Reached XP level 2. HP: 10/15 MP: 8/8
   985 | D:1      | Slain by a ball python

Illustrated notes

Levels and vault maps discovered:
D:1:      lemuel_arrival_behind_the_door_small, layout_loops_ring

Skill      XL: |  1 |
---------------+----+-----
Necromancy     | 5 |  5.4
Fighting       | |  0.1
Dodging        | |  2.9
Stealth        | |  2.8
Spellcasting   | |  3.1

Action                   || total
-------------------------++-------
Melee: Dagger            ||    37
       Unarmed           ||     4
 Cast: Pain              ||     4
       Animate Skeleton  ||     5
 Stab: Sleeping          ||     4
Armor: Robe              ||    20
Dodge: Dodged            ||    37
